 Dungeon Crawl Stone Soup version 0.30-a0-469-g84de5afbc5 (webtiles) character file.

Game seed: 11358122886211165071

858 drugrobin the Shooter (level 7, 0/84 HPs)
             Began as a Demigod Artificer on Dec 20, 2022.
             Slain by a wolf (4 damage)
             ... led by Grum
             ... on level 8 of the Dungeon.
             The game lasted 00:15:38 (3276 turns).

drugrobin the Shooter (Demigod Artificer)           Turns: 3276, Time: 00:15:38

Health: 0/84       AC: 23    Str: 21    XL:     7   Next: 42%
Magic:  5/9        EV:  2    Int: 13    God:
Gold:   123        SH:  0    Dex: 14    Spells: 4/6 levels left

rFire   . . .      SeeInvis .    (no weapon)
rCold   . . .      Faith    .    (no shield)
rNeg    . . .      Spirit   .    (body armour currently unavailable)
rPois   +          Reflect  .    (helmet currently unavailable)
rElec   .          Harm     .    (cloak currently unavailable)
rCorr   .          Rampage  .    (gloves currently unavailable)
Will    .....      NoTele   +    (boots currently unavailable)
Stlth   ++........               (no amulet)
HPRegen 0.34/turn                (no ring)
MPRegen 0.11/turn                (no ring)

@: mighty, tree-form
A: stationary, stasis, torment immunity, boosted hp, high MP 1, forlorn, divine
attributes
a: no special abilities


You were on level 8 of the Dungeon.
You were a tree.
You visited 1 branch of the dungeon, and saw 7 of its levels.
You also visited: Sewer.

You collected 123 gold pieces.

Inventory:

Hand Weapons
 a - the +4 dagger "Sugumoid" {vorpal, rPois}
   (You found it in a sewer)

   It inflicts extra damage upon your enemies.
   rPois:     It protects you from poison.
 b - the +5 sling of Zafiwepit {flame, rElec Dex+2}
   (You found it on level 2 of the Dungeon)

   Any ammunition fired from it burns those it strikes, dealing additional fire
   damage.
   Dex:       It affects your dexterity (+2).
   rElec:     It insulates you from electricity.
 c - a +1 short sword of draining
 i - a +1 spear of flaming
 s - a +0 scimitar
 v - a +2 dagger of holy wrath
Missiles
 p - 9 poisoned darts
Armour
 g - a +0 leather armour (melded)
Jewellery
 n - an amulet of the acrobat
Wands
 d - a wand of charming (14)
 e - a wand of iceblast (5)
 u - a wand of roots (1)
 x - a wand of flame (23)
Scrolls
 j - 2 scrolls of teleportation {unknown}
 m - a scroll of immolation {unknown}
 q - 5 scrolls of identify {unknown}
 r - 4 scrolls of noise {unknown}
 t - a scroll of torment {unknown}
 y - a scroll of brand weapon {unknown}
Potions
 k - a potion of attraction {unknown}
 l - a potion of lignification
 o - a potion of magic {unknown}


   Skills:
 - Level 2.9 Fighting
 + Level 6.0 Ranged Weapons
 - Level 1.7 Armour
 - Level 0.8 Dodging
 - Level 0.8 Stealth
 - Level 5.0 Evocations


You had 4 spell levels left.
You knew the following spells:

 Your Spells              Type           Power      Damage    Failure   Level
b - Blink                 Tloc           0%         N/A       43%         2

Your spell library contained the following spells:

 Spells                   Type           Power      Damage    Failure   Level
 Momentum Strike          Conj/Tloc      0%         3d8       43%         2
 Lesser Beckoning         Tloc           0%         N/A       67%         3
 Ozocubu's Armour         Ice            0%         N/A       67%         3
 Metabolic Englaciation   Hex/Ice        0%         N/A       100%        5
 Simulacrum               Ice/Necr       0%         N/A       100%        6


Dungeon Overview and Level Annotations

Branches:
Dungeon (8/15)              Sewer (visited)
 Temple: D:4-7         Lair: D:8-11

Annotations:
D:6 Edmund
D:7 Joseph
D:8 Grum


Innate Abilities, Weirdness & Mutations

You are a tree.
Your roots penetrate the ground, keeping you stationary.
You cannot be teleported.
You are immune to unholy pain and torment.
Your maximum health is greatly increased.
Your equipment is partially melded.
You have an increased reservoir of magic. (+10% MP)
You shall have no god before yourself.
Your divine heritage dramatically boosts your attributes as you level up.


Message History

Unknown command.
Unknown command.
It was a potion of lignification.
You turn into a tree.
Your +0 leather armour melds into your body.
Your roots penetrate the ground.
A wolf comes into view.
Unknown command.
Unknown command.
Unknown command.
The +5 sling of Zafiwepit {flame, rElec Dex+2} stops flaming.
You are now empty-handed.
The wolf bites you but does no damage.
Unknown command.
Unknown command.
You hit the wolf.
The wolf is moderately wounded.
The wolf bites you.
* * * LOW HITPOINT WARNING * * *
Unknown command.
Unknown command.
Unknown command.
You hit the wolf.
The wolf is heavily wounded.
The wolf bites you.
* * * LOW HITPOINT WARNING * * *
The wolf bites you but does no damage.
Unknown command.
Unknown command.
Unknown command.
Unknown command.
It was a potion of flight.
Your roots keep you in place.
The wolf bites you but does no damage.
Grum the Hunter comes into view.
He is wielding a -1 spear.
The wolf bites you but does no damage.
Unknown command.
Unknown command.
Unknown command.
It was a potion of might.
You feel very mighty all of a sudden. The wolf bites you.
You die...

#.# #.# ##
#.# ..
######.###.##
#......†....#
#.##...###..#
#†##.### .#
#.##. # #♣##.
#h##


.hg ##.## ..# .). .## #. You could see Grum and 2 wolves.

Vanquished Creatures
  Psyche (D:8)
  A black bear (D:3)
  A wolf (D:8)
  3 bullfrogs
  A howler monkey (D:8)
  A jelly (D:7)
  7 adders
  A white imp (D:7)
  A worm (D:2)
  3 dart slugs
  An orc (D:3)
  2 bats (D:1)
  2 endoplasms
  10 giant cockroaches
  3 goblins
  7 hobgoblins
  3 jackals (D:3)
  8 quokkas
  8 ball pythons
  10 frilled lizards
  5 kobolds
  12 rats
91 creatures vanquished.

Notes
Turn   | Place    | Note
-------+----------+-------------------------------------------
     0 | D:1      | drugrobin the Demigod Artificer began the quest for the
                  | Orb.
     0 | D:1      | Reached XP level 1. HP: 15/15 MP: 3/3
    88 | D:1      | Reached skill level 1 in Fighting
   470 | D:1      | Reached XP level 2. HP: 20/24 MP: 4/4
   962 | D:2      | Reached XP level 3. HP: 30/30 MP: 5/5
  1184 | D:2      | Identified the +5 sling of Zafiwepit {flame, rElec Dex+2}
  1814 | D:3      | Noticed a black bear
  1818 | D:3      | Killed a black bear
  1819 | D:3      | Reached skill level 1 in Ranged Weapons
  1819 | D:3      | Reached XP level 4. HP: 37/37 MP: 6/6
  1819 | D:3      | Reached XP level 5. HP: 44/44 MP: 7/7
  1903 | D:3      | Reached skill level 2 in Ranged Weapons
  1923 | D:3      | Found a glowing drain.
  1927 | Sewer    | Entered a sewer
  2115 | Sewer    | Reached skill level 3 in Ranged Weapons
  2115 | Sewer    | Reached XP level 6. HP: 18/50 MP: 8/8
  2237 | Sewer    | Identified the +4 dagger "Sugumoid" {vorpal, rPois}
  2806 | D:4      | You fall into a shaft and drop 3 floors!
  2810 | D:6      | Noticed Edmund
  2823 | D:7      | Learned a level 2 spell: Blink
  2885 | D:7      | Reached skill level 5 in Evocations
  2951 | D:7      | Noticed Joseph
  3171 | D:8      | Noticed Psyche
  3171 | D:8      | Noticed a wyvern
  3181 | D:8      | Killed Psyche
  3182 | D:8      | Reached skill level 5 in Ranged Weapons
  3182 | D:8      | Reached XP level 7. HP: 56/56 MP: 9/9
  3271 | D:8      | Reached skill level 6 in Ranged Weapons
  3274 | D:8      | HP: 4/84 [wolf[Grum] (6)]
  3275 | D:8      | Noticed Grum
  3276 | D:8      | Slain by a wolf

Illustrated notes

Levels and vault maps discovered:
D:1:      minmay_arrival_stone_box, layout_loops_cross
D:2:      layout_basic, grunt_decor_arrowhead
D:3:      layout_basic, hangedman_ru_absence, gup_sewer_entry_spiral
D:4:      layout_basic, mainiacjoe_overflow_alcove_1, hangedman_glass_teeth
D:6:      layout_rooms, grunt_temple_overflow_open, nicolae_shop_vocational,
          uniq_edmund
D:7:      layout_gridville, mainiacjoe_overflow_six_doors_small, uniq_joseph,
          uniq_maggie
D:8:      layout_loops_ring, nicolae_uskayaw_dance_studio, uniq_maurice,
          uniq_psyche, uniq_grum

Skill      XL: |  1  2  3  4  5  6  7 |
---------------+----------------------+-----
Fighting       | 1 2 |  2.9
Evocations     | 3 4 5 |  5.0
Ranged Weapons | 1 3 5 6 |  6.0
Armour         | |  1.7
Dodging        | |  0.8
Stealth        | |  0.8

Action                   |  1- 3 |  4- 6 |  7- 9 || total
-------------------------+-------+-------+-------++-------
Melee: Dagger            |    78 |    11 |       ||    89
       Club              |    12 |       |       ||    12
       Punch             |     2 |       |       ||     2
       Unarmed           |       |       |    12 ||    12
 Fire: Sling             |    40 |    86 |    10 ||   136
Evoke: Wand              |       |     3 |     2 ||     5
  Use: Potion            |       |       |     3 ||     3
       Scroll            |       |       |     1 ||     1
 Stab: Sleeping          |     1 |       |       ||     1
Armor: Leather armour    |    29 |     7 |     2 ||    38
       Skin              |       |       |     4 ||     4
Dodge: Dodged            |    50 |    13 |    22 ||    85

Table legend: (Time is in decaauts)
 A = Elapsed time spent in this place.
 B = Non-inter-level travel time spent in this place.
 C = Inter-level travel time spent in this place.
 D = Time resting spent in this place.
 E = Time spent auto-exploring this place.
 F = Levels seen in this place.
 G = Mean time per level.
                   A        B        C        D        E       F      G
               +--------+--------+--------+--------+--------+-----+--------+
         Total |   3408 |   3287 |    121 |    148 |   2268 |   8 |  426.0 |
       Dungeon |   2791 |   2670 |    121 |    148 |   1761 |   7 |  398.7 |
         Sewer |    617 |    617 |      0 |      0 |    506 |   1 |  617.0 |
               +--------+--------+--------+--------+--------+-----+--------+

Top non-repeatable levels by time:
     D:2: 851 daAuts
     D:1: 830 daAuts
     D:3: 649 daAuts
   Sewer: 617 daAuts
     D:8: 282 daAuts
     D:7: 164 daAuts
     D:4: 11 daAuts
     D:6: 1 daAuts
